 Dungeon Crawl Stone Soup version 0.28.0-53-g5a82cb258f (webtiles) character file.

Game seed: 17932708323774915054

16 Plasmagod the Frost Mage (level 2, -1/20 HPs)
             Began as a Gnoll Wanderer on July 21, 2022.
             Slain by a quokka (2 damage)
             ... on level 1 of the Dungeon.
             The game lasted 00:00:53 (272 turns).

Plasmagod the Frost Mage (Gnoll Wanderer)            Turns: 272, Time: 00:00:54

Health: -1/20      AC:  2    Str: 11    XL:     2   Next: 54%
Magic:  1/5        EV: 11    Int: 11    God:
Gold:   8          SH:  0    Dex: 11    Spells: 5/6 levels left

rFire   . . .      SeeInvis .   a - +0 short sword
rCold   . . .      Faith    .   (no shield)
rNeg    . . .      Spirit   .   d - +0 robe
rPois   .          Reflect  .   (no helmet)
rElec   .          Harm     .   (no cloak)
rCorr   .          Rampage  .   (no gloves)
Will    .....                   (no boots)
Stlth   +.........              (no amulet)
HPRegen 0.06/turn               (no ring)
MPRegen 0.09/turn               (no ring)

@: no status effects
A: fangs 1, strong nose, distributed training
a: no special abilities


You were on level 1 of the Dungeon.
You visited 1 branch of the dungeon, and saw 1 of its levels.

You collected 8 gold pieces.

Inventory:

Hand Weapons
 a - a +0 short sword (weapon)
 c - a +0 dagger
Missiles
 b - 12 poisoned darts (quivered)
Armour
 d - a +0 robe (worn)
Scrolls
 e - a scroll of immolation {unknown}
 g - a scroll of identify {unknown}
Potions
 f - a potion of invisibility {unknown}


   Skills:
 + Level 0.4 Fighting
 + Level 2.5 Short Blades
 + Level 0.4 Long Blades
 + Level 0.4 Axes
 + Level 0.4 Maces & Flails
 + Level 0.4 Polearms
 + Level 0.4 Staves
 + Level 0.4 Slings
 + Level 0.4 Bows
 + Level 0.4 Crossbows
 + Level 6.5 Throwing
 + Level 0.4 Armour
 + Level 0.4 Dodging
 + Level 0.4 Stealth
 + Level 0.4 Shields
 + Level 0.4 Unarmed Combat
 + Level 2.7 Spellcasting
 + Level 0.2 Conjurations
 + Level 0.2 Hexes
 + Level 0.2 Summonings
 + Level 0.2 Necromancy
 + Level 0.2 Translocations
 + Level 0.2 Transmutations
 + Level 0.2 Fire Magic
 + Level 8.7 Ice Magic
 + Level 0.2 Air Magic
 + Level 0.2 Earth Magic
 + Level 0.2 Poison Magic
 + Level 0.5 Invocations
 + Level 0.4 Evocations


You had 5 spell levels left.
You knew the following spells:

 Your Spells              Type           Power      Damage    Failure   Level
a - Freeze                Ice            80%        1d9       1%          1

Your spell library contained the following spells:

 Spells                   Type           Power      Damage    Failure   Level
 Hailstorm                Conj/Ice       11%        3d5       38%         4
 Ice Form                 Ice/Tmut       11%        N/A       38%         4


Dungeon Overview and Level Annotations

Branches:
Dungeon (1/15)

Altars:


Innate Abilities, Weirdness & Mutations

You have very sharp teeth.
Your uncanny sense of smell can sniff out nearby items.
Your experience applies equally to all skills.


Message History

Aim: a gnoll, wielding a +0 whip (heavily wounded)
You freeze the gnoll!
You kill the gnoll!
You have reached level 2!
Casting: Freeze (safe; 1% risk of failure)
Confirm with . or Enter, or press ? or * to list all spells.
Aiming: Freeze (safe; 1% risk of failure)
Press: ? - help, Shift-Dir - straight line, f - kobold
Aim: a kobold, wielding a +0 short sword You freeze the kobold.
The kobold is severely wounded.
The kobold hits you with a +0 short sword.
Casting: Freeze (safe; 1% risk of failure)
Confirm with . or Enter, or press ? or * to list all spells.
Aiming: Freeze (safe; 1% risk of failure)
Press: ? - help, Shift-Dir - straight line, f/p - kobold
Aim: a kobold, wielding a +0 short sword (severely wounded)
You freeze the kobold.
You kill the kobold!
You are too injured to fight recklessly!
You are too injured to fight recklessly!
You are too injured to fight recklessly!
You barely miss the quokka. The quokka bites you.
* * * LOW HITPOINT WARNING * * *
You hit the quokka.
The quokka is heavily wounded.
The quokka bites you.
* * * LOW HITPOINT WARNING * * *
You hit the quokka but do no damage.
The quokka is heavily wounded.
The quokka bites you but does no damage.
You hit the quokka.
The quokka is severely wounded.
The quokka bites you.
* * * LOW HITPOINT WARNING * * *
The quokka closely misses you.
You hit the quokka.
The quokka is almost dead.
The quokka bites you.
You die...

.>.∆ #.# #.# #.##
#.# ###..#####
#.# ........# #.#
#......# #.#
#..(...# #.#
#....## #r#
#.....# #@#
#...).## #.#
#####..#
#.#######
##.)#####.......#
#.)...†.........#
###..#..........#
#..#.########.#
##.#.# #.# #...#
#.#


You could see a quokka.

Vanquished Creatures
  A gnoll (D:1)
  2 goblins (D:1)
  A kobold (D:1)
  2 bats (D:1)
  A frilled lizard (D:1)
7 creatures vanquished.

Notes
Turn   | Place    | Note
-------+----------+-------------------------------------------
     0 | D:1      | Plasmagod the Gnoll Wanderer began the quest for the Orb.
     0 | D:1      | Plasmagod set off with the following items: a +0 short
                  | sword, 12 poisoned darts, a +0 dagger, a +0 robe; and the
                  | following spell memorised: Freeze; and the following spells
                  | available to memorise: Hailstorm, Ice Form
     0 | D:1      | Reached XP level 1. HP: 13/13 MP: 4/4
   265 | D:1      | Reached XP level 2. HP: 11/20 MP: 2/5
   271 | D:1      | HP: 1/20 [quokka (5)]
   272 | D:1      | Slain by a quokka

Illustrated notes

Levels and vault maps discovered:
D:1:      eino_arrival_tree_alley, layout_basic

Action                   || total
-------------------------++-------
Melee: Short sword       ||    19
       Bite              ||     3
Throw: Dart              ||     1
 Cast: Freeze            ||     5
Armor: Robe              ||     6
Dodge: Dodged            ||     7
